 Dungeon Crawl Stone Soup version 0.28-a0-863-g8cecda6153 (webtiles) character file.

Game seed: 11732793092696012519

1516 pokeman the Thaumaturge (level 8, -4/44 HPs)
             Began as a Deep Elf Hedge Wizard on Nov 19, 2021.
             Slain by a manticore (7 damage)
             ... on level 6 of the Dungeon.
             The game lasted 00:16:52 (7986 turns).

pokeman the Thaumaturge (Deep Elf Hedge Wizard)     Turns: 7986, Time: 00:16:52

Health: -4/44      AC:  5    Str:  7    XL:     8   Next: 53%
Magic:  13/23      EV: 13    Int: 22    God:
Gold:   187        SH:  0    Dex: 20    Spells: 12/26 levels left

rFire   . . .      SeeInvis +   a - +2 hand axe (flame)
rCold   . . .      Faith    .   (no shield)
rNeg    . . .      Spirit   .   x - +0 steam dragon scales
rPois   .          Reflect  .   c - +0 hat
rElec   .          Harm     .   (no cloak)
rCorr   .          Rampage  .   (no gloves)
Will    .....                   (no boots)
Stlth   +++.......              (no amulet)
HPRegen 0.14/turn               m - +6 ring of dexterity
MPRegen 0.18/turn               w - ring of see invisible

@: spiked, on blink cooldown
A: no striking features
a: no special abilities


You were on level 6 of the Dungeon.
You visited 1 branch of the dungeon, and saw 6 of its levels.

You collected 187 gold pieces.

Inventory:

Hand Weapons
 a - a +2 hand axe of flaming (weapon)
Missiles
 b - 28 bolts
 n - 65 arrows
Armour
 c - a +0 hat (worn)
 l - a +0 buckler
 x - +0 steam dragon scales (worn)
Jewellery
 m - a +6 ring of dexterity (left hand)
 w - a ring of see invisible (right hand)
Wands
 q - a wand of mindburst (17)
Scrolls
 g - 2 scrolls of magic mapping {unknown}
 h - 3 scrolls of identify {unknown}
 i - a scroll of amnesia {unknown}
 r - a scroll of noise {unknown}
 s - a scroll of enchant weapon {unknown}
 v - a scroll of fog {unknown}
Potions
 d - a potion of attraction {unknown}
 e - 2 potions of flight {unknown}
 f - a potion of mutation {unknown}
 j - a potion of lignification {unknown}
 k - 2 potions of brilliance {unknown}
 o - 2 potions of degeneration {unknown}
 t - 2 potions of heal wounds {unknown}
 u - a potion of curing {unknown}


   Skills:
 - Level 2.0 Fighting
 + Level 2.2 Armour
 - Level 3.0 Dodging
 - Level 3.2 Stealth
 - Level 1.0 Shields
 * Level 9.9 Spellcasting
 + Level 5.2 Conjurations
 - Level 1.1 Summonings
 - Level 1.1 Translocations
 + Level 3.6 Fire Magic
 - Level 1.2 Air Magic
 - Level 1.0 Earth Magic
 - Level 1.2 Poison Magic
 - Level 1.0 Evocations


You had 12 spell levels left.
You knew the following spells:

 Your Spells              Type           Power      Damage    Failure   Level
a - Magic Dart            Conj           100%       1d8       1%          1
b - Mephitic Cloud        Conj/Pois/Air  22%        N/A       6%          3
c - Call Imp              Summ           15%        N/A       6%          2
d - Blink                 Tloc           30%        N/A       6%          2
e - Conjure Flame         Conj/Fire      30%        6-21      3%          3
f - Stone Arrow           Conj/Erth      48%        3d10      4%          3

Your spell library contained the following spells:

 Spells                   Type           Power      Damage    Failure   Level
 Sandblast                Erth           30%        2d9       4%          1
 Slow                     Hex            40%        N/A       6%          1
 Passwall                 Tmut/Erth      10%        N/A       8%          2


Dungeon Overview and Level Annotations

Branches:
Dungeon (6/15)
 Temple: D:4-7

Altars:
Gozag
Hepliaklqana
Kikubaaqudgha
Zin

Shops:
D:4 (

Annotations:
D:2 Loot behind rokc
D:4 Loot behind grate


Message History

t - Shout!
Orders for allies: a - Attack new target. r - Retreat! s - Stop attacking. g - Guard the area. f - Follow me.
Anything else - Cancel.
Gang up on whom?
Press: ? - help, Dir - move target, f - hound
Aim: a hound (severely wounded, ally target) Attack!
The hound bites your white imp.
Your white imp completely misses the hound.
Unknown command.
The hound closely misses your white imp.
The hound bites your white imp but does no damage.
Your white imp gestures at the hound.
The puff of frost misses the hound.
Unknown command.
The hound bites your white imp.
Your white imp hits the hound but does no damage.
Unknown command.
The hound bites your white imp.
Your white imp hits the manticore.
Your white imp freezes the manticore.
The water moccasin hisses angrily.
The manticore flicks its tail.
The volley of spikes hits you!!
The barbed spikes become lodged in your body.
* * * LOW HITPOINT WARNING * * *
Something closely misses your white imp.
Your white imp hits the manticore.
Your white imp freezes the manticore.
The barbs in your skin will harm you if you move.
Continue?
Okay, then.
Unknown command.
Unknown command.
Casting: Conjure Flame (dangerous; 3% risk of failure)
Confirm with . or Enter, or press ? or * to list all spells.
You blink.
Your white imp disappears in a puff of smoke!
The manticore bites you!
* * * LOW HITPOINT WARNING * * *
The manticore claws you!
You die...

#........# ###.....#
#........### #######
#.<....l...#######
#....###.###..S.ยง..#
#...####
#Z####...##.# .... .
#...##...# .# #.#
#..###.##...# # .
#.....hH...#
####..@....#
#####...# #...# #...#
#...# #####


You could see a manticore, a water moccasin, a hound and a killer bee zombie.

Vanquished Creatures
  Grinder (D:5)
  A steam dragon (D:6)
  An ice beast (D:4)
  A sky beast (D:6)
  An ogre (D:6)
  A necrophage (D:5)
  3 scorpions
  2 centaur zombies
  A jelly (D:4)
  A hound (D:5)
  A gnoll shaman (D:5)
  2 orc priests (D:5)
  A bullfrog skeleton (D:4)
  A centaur skeleton (D:5)
  2 iguanas
  4 orc wizards
  Terence (D:3)
  3 gnolls (D:5)
  6 adders
  A white imp (D:5)
  3 dart slugs
  12 orcs
  6 ball pythons
  15 endoplasms
  4 giant cockroaches
  12 goblins
  7 hobgoblins
  5 jackals
  7 kobolds
  2 quokkas
  6 bats
  2 frilled lizards (D:1)
  5 rats
121 creatures vanquished.

Notes
Turn   | Place    | Note
-------+----------+-------------------------------------------
     0 | D:1      | pokeman the Deep Elf Hedge Wizard began the quest for the
                  | Orb.
     0 | D:1      | Reached XP level 1. HP: 10/10 MP: 7/7
   552 | D:1      | Reached XP level 2. HP: 12/15 MP: 2/9
   986 | D:1      | Reached skill level 5 in Spellcasting
  1140 | D:1      | Reached XP level 3. HP: 20/20 MP: 9/11
  1144 | D:1      | Learned a level 3 spell: Mephitic Cloud
  1147 | D:1      | Learned a level 2 spell: Call Imp
  1150 | D:1      | Learned a level 2 spell: Blink
  1154 | D:1      | Learned a level 3 spell: Conjure Flame
  1755 | D:2      | Reached skill level 1 in Fighting
  1764 | D:2      | Reached skill level 1 in Armour
  2028 | D:2      | Found a faded altar of an unknown god.
  2175 | D:2      | Reached XP level 4. HP: 25/25 MP: 10/13
  2991 | D:3      | Reached skill level 1 in Fire Magic
  3053 | D:3      | Noticed Terence
  3186 | D:3      | Killed Terence
  3187 | D:3      | Reached skill level 6 in Spellcasting
  3187 | D:3      | Reached XP level 5. HP: 25/29 MP: 7/15
  3325 | D:3      | Found an opulent altar of Gozag.
  4439 | D:4      | Noticed an ice beast
  4704 | D:4      | Reached skill level 1 in Air Magic
  4739 | D:4      | Reached skill level 1 in Shields
  4739 | D:4      | Reached XP level 6. HP: 32/34 MP: 11/17
  4991 | D:4      | Found an ancient bone altar of Kikubaaqudgha.
  5149 | D:4      | Killed an ice beast
  5150 | D:4      | Reached skill level 7 in Spellcasting
  5150 | D:4      | Reached skill level 1 in Poison Magic
  5524 | D:4      | Found Nidi's Weapon Shop.
  5704 | D:4      | Learned a level 3 spell: Stone Arrow
  5895 | D:4      | Found a glowing silver altar of Zin.
  6179 | D:5      | Entered Level 5 of the Dungeon
  6243 | D:5      | Reached skill level 1 in Evocations
  6243 | D:5      | Reached XP level 7. HP: 38/38 MP: 13/20
  6421 | D:5      | Reached skill level 1 in Earth Magic
  6742 | D:5      | Reached skill level 8 in Spellcasting
  6998 | D:5      | Found a hazy altar of Hepliaklqana.
  7005 | D:5      | Noticed Grinder
  7029 | D:5      | Killed Grinder
  7297 | D:5      | Reached XP level 8. HP: 33/44 MP: 7/22
  7714 | D:6      | Reached skill level 9 in Spellcasting
  7738 | D:6      | Reached skill level 5 in Conjurations
  7975 | D:6      | Noticed a manticore
  7986 | D:6      | Slain by a manticore

Illustrated notes

Levels and vault maps discovered:
D:1:      dpeg_cavernosity, layout_basic, minmay_split_cup_large
D:2:      layout_loops_ring, dreamdust_ecumenical_altar_statues,
          due_unseen_surprise
D:3:      layout_basic, lemuel_round_altar, uniq_terence
D:4:      layout_cave_pods, zin_treasury,
          mainiacjoe_overflow_concentric_impassable, serial_shops,
          nicolae_shop_bloodbath_and_beyond, hangedman_decor_diamond_cutter
D:5:      layout_loops_cross, kennysheep_mini_moat, uniq_grinder
D:6:      layout_rooms, mainiacjoe_overflow_six_doors_small, old_standard_altar

Skill      XL: |  1  2  3  4  5  6  7  8 |
---------------+-------------------------+-----
Spellcasting   | 5 6 7 8 9 |  9.9
Fighting       | 1 2 |  2.0
Armour         | 1 2 |  2.2
Conjurations   | 2 3 4 5 |  5.2
Fire Magic     | 1 2 3 |  3.6
Dodging        | 3 |  3.0
Air Magic      | 1 |  1.2
Shields        | 1 |  1.0
Poison Magic   | 1 |  1.2
Stealth        | 3 |  3.2
Evocations     | 1 |  1.0
Earth Magic    | 1 |  1.0
Summonings     | |  1.1
Translocations | |  1.1

Action                   |  1- 3 |  4- 6 |  7- 9 || total
-------------------------+-------+-------+-------++-------
Melee: Dagger            |    22 |       |       ||    22
       Hand axe          |       |    23 |    29 ||    52
       Falchion          |       |     4 |       ||     4
 Cast: Magic Dart        |   101 |   133 |    77 ||   311
       Mephitic Cloud    |       |     9 |    11 ||    20
       Conjure Flame     |       |    10 |     7 ||    17
       Call Imp          |       |     6 |     2 ||     8
       Blink             |       |     2 |     4 ||     6
 Stab: Confused          |       |     2 |     5 ||     7
       Sleeping          |       |     2 |       ||     2
Armor: Robe              |    11 |       |       ||    11
       Leather armour    |       |     8 |     6 ||    14
       Steam dragon scal |       |       |     3 ||     3
Dodge: Dodged            |    43 |    29 |    26 ||    98

Table legend: (Time is in decaauts)
 A = Elapsed time spent in this place.
 B = Non-inter-level travel time spent in this place.
 C = Inter-level travel time spent in this place.
 D = Time resting spent in this place.
 E = Time spent auto-exploring this place.
 F = Levels seen in this place.
 G = Mean time per level.
                   A        B        C        D        E       F      G
               +--------+--------+--------+--------+--------+-----+--------+
         Total |   8005 |   7727 |    278 |    508 |   6053 |   6 | 1334.2 |
       Dungeon |   8005 |   7727 |    278 |    508 |   6053 |   6 | 1334.2 |
               +--------+--------+--------+--------+--------+-----+--------+

Top non-repeatable levels by time:
     D:3: 1947 daAuts
     D:4: 1920 daAuts
     D:1: 1740 daAuts
     D:5: 1458 daAuts
     D:2: 841 daAuts
     D:6: 97 daAuts
